 Dungeon Crawl Stone Soup version 0.31.0-11-ge490571c62 (webtiles) character file.

Game seed: 320612697261424825

11982 wingedge the Destroyer (level 11, -5/89 HPs)
             Began as a Demigod Earth Elementalist on Jan 26, 2024.
             Slain by a shadow (13 damage)
             ... on level 11 of the Dungeon.
             The game lasted 00:29:13 (13255 turns).

wingedge the Destroyer (DgEE)                      Turns: 13255, Time: 00:29:14

Health: -5/89      AC: 13    Str: 13    XL:     11   Next: 31%
Magic:  26/27      EV: 11    Int: 25    God:
Gold:   558        SH:  0    Dex: 20    Spells: 22/26 levels left

rFire   . . .        B - +7 staff of the Meek {protect, meekguard}
rCold   . . .        (shield currently unavailable)
rNeg    . . .        s - +3 ring mail
rPois   .            L - +0 helmet
rElec   .            (no cloak)
rCorr   .            p - +0 pair of gloves
SInv    .            u - +0 pair of boots
Will    +....        (no amulet)
Stlth   ++           v - +6 ring of dexterity
HPRegen 0.34/turn    I - ring of wizardry
MPRegen 0.20/turn

%: wizardry (x1)
@: studying Unarmed Combat
A: high MP 1, forlorn, divine attributes
a: no special abilities


You were on level 11 of the Dungeon.
You visited 1 branch of the dungeon, and saw 11 of its levels.

You collected 558 gold pieces.

Inventory:

Hand Weapons
 h - a +3 dagger
 B - the +7 staff of the Meek (weapon) {protect, meekguard}
   (You found it on level 6 of the Dungeon)
 D - a +0 short sword of holy wrath
Missiles
 x - a throwing net
Armour
 a - a +0 robe
 c - a +0 leather armour
 d - a +0 ring mail
 p - a +0 pair of gloves (worn)
 s - a +3 ring mail (worn)
 u - a +0 pair of boots (worn)
 L - a +0 helmet (worn)
Jewellery
 v - a +6 ring of dexterity (left hand)
 I - a ring of wizardry (right hand)
Wands
 i - a wand of flame (34)
 q - a wand of mindburst (7)
 y - a wand of roots (1)
 A - a wand of paralysis (12)
 K - a wand of polymorph (3)
 O - a wand of light (1)
Scrolls
 j - 2 scrolls of vulnerability
 l - 4 scrolls of revelation
 n - a scroll of noise
 o - 2 scrolls of amnesia
 r - 2 scrolls of fog {unknown}
 t - 2 scrolls of teleportation {unknown}
 C - a scroll of enchant armour {unknown}
 E - a scroll of silence {unknown}
 F - a scroll of poison {unknown}
 G - 2 scrolls of enchant weapon {unknown}
 N - a scroll of blinking {unknown}
Potions
 b - 3 potions of magic
 f - 2 potions of haste {unknown}
 g - 3 potions of cancellation {unknown}
 k - 4 potions of curing
 m - 2 potions of brilliance {unknown}
 w - a potion of attraction {unknown}
 z - 2 potions of heal wounds {unknown}
 H - a potion of mutation {unknown}
 J - a potion of resistance {unknown}
 M - 2 potions of lignification {unknown}


   Skills:
 - Level 6.0 Fighting
 - Level 6.0 Armour
 - Level 2.0 Dodging
 - Level 2.0 Stealth
 - Level 8.0 Spellcasting
 + Level 10.3 Conjurations
 - Level 7.0 Earth Magic


You had 22 spell levels left.
You knew the following spells:

 Your Spells              Type           Power      Damage    Failure   Level
a - Sandblast             Erth           90%        2d19      1%          1
b - Stone Arrow           Conj/Erth      100%       3d13      1%          3

Your spell library contained the following spells:

 Spells                   Type           Power      Damage    Failure   Level
 Hailstorm                Conj/Ice       35%        3d8       1%          3
 Passwall                 Erth           45%        N/A       1%          3
 Brom's Barrelling Bould  Conj/Erth      52%        2d7       1%          4
 Freeze                   Ice            40%        1d6       4%          1
 Flame Wave               Conj/Fire      35%        2d10      6%          4
 Lesser Beckoning         Tloc           20%        N/A       8%          2
 Scorch                   Fire           20%        2d5       8%          2
 Petrify                  Alch/Erth      27%        N/A       12%         4
 Frozen Ramparts          Ice            20%        1d4       14%         3
 Gell's Gravitas          Tloc           10%        N/A       14%         3
 Summon Ice Beast         Ice/Summ       10%        N/A       14%         3
 Teleport Other           Tloc           10%        N/A       14%         3
 Summon Blazeheart Golem  Fire/Summ      10%        N/A       41%         4
 Orb of Destruction       Conj           28%        9d9       50%         7
 Sculpt Simulacrum        Ice/Alch       5%         N/A       99%         6
 Summon Cactus Giant      Summ           5%         N/A       99%         6
 Spellforged Servitor     Conj/Summ      17%        N/A       99%         7


Dungeon Overview and Level Annotations

Branches:
Dungeon (11/15)            Temple (0/1) D:6             Orc (0/2) D:11
   Lair: D:8-11

Shops:
D:1 [   D:5 *   D:6 *

Annotations:
D:4 3 runed translucent doors, Splishie's ghost, amateur DrSh


Innate Abilities, Weirdness & Mutations

You have an increased reservoir of magic. (+10% MP)
You shall have no god before yourself.
Your divine heritage dramatically boosts your attributes as you level up.


Message History

The centaur warrior simulacrum hits you!
The centaur warrior simulacrum freezes you!!
The centaur warrior simulacrum kicks you but does no damage.
The death yak gores you!
The centaur warrior simulacrum hits you but does no damage.
The centaur warrior simulacrum kicks you but does no damage.
The shadow hits you.
The centaur warrior simulacrum hits you but does no damage.
The centaur warrior simulacrum barely misses you.
The death yak gores you!! The shadow hits you!
The centaur warrior simulacrum hits you but does no damage.
The centaur warrior simulacrum kicks you but does no damage.
The death yak gores you.
The shadow slips into darkness.
The shadow flickers and vanishes!
Deactivating autopickup; reactivate with Ctrl-A.
You turn to flesh and can move again.
Okay, then.
Okay, then.
Aiming: Fastroot
Press: ? - help, Shift-Dir - straight line, f - death yak
Aim: a death yak The roots erupt in riotous growth!
Roots grab the death yak.
Roots grab the centaur warrior simulacrum.
The grasping roots constrict the death yak.
The grasping roots constrict the centaur warrior simulacrum.
You hear a bellow! x2
The centaur warrior simulacrum hits you.
The centaur warrior simulacrum freezes you!
* * * LOW HITPOINT WARNING * * *
The centaur warrior simulacrum kicks you but does no damage.
The death yak barely misses you.
The centaur warrior simulacrum hits you but does no damage.
The centaur warrior simulacrum kicks you.
* * * LOW HITPOINT WARNING * * *
The centaur warrior simulacrum freezes you!
* * * LOW HITPOINT WARNING * * *
The shadow strikes at you from the darkness!
You die...

...######.## #......#
Y...(......# ##..∩..##
Y.....#.#.######......# #
......##.#.#.##.......# .#
......#.......##....#.# .. ..
.....†##.#.#..####....##.#...#
....Y......................>..
...............Z.<............
...........<...Y@.............
................{....)........
.......)......................
..............................
..............................
..........).###.###..####.....
....$#.#..[## ...#.).# #...
..........## #.## ..#
.....#.#...#


You could see a death yak (rooted) and a centaur warrior simulacrum (rooted).

Vanquished Creatures
  2 two-headed ogres
  A death yak (D:10)
  Pikel (D:7)
  An ugly thing (D:11)
  A cyclops (D:11)
  3 kobold demonologists (D:9)
  An unseen horror (D:10)
  3 polar bears (D:11)
  A troll (D:11)
  A centaur simulacrum (D:11)
  Sigmund (D:3)
  A wyvern (D:9)
  A wraith (D:11)
  8 yaks
  A steam dragon (D:6)
  2 acid dragons (D:10)
  Duvessa (D:7)
  A water moccasin (D:6)
  3 orc warriors
  2 laughing skulls (D:11)
  6 ice beasts
  2 ogres
  4 centaurs
  4 lemures (D:7)
  2 phantoms
  4 kobold brigands
  4 bullfrogs
  2 gnoll sergeants
  3 scorpions
  12 wights
  3 jellies
  Dowan (D:7)
  10 killer bees
  5 howler monkeys
  An electric eel (D:8)
  3 bombardier beetles
  A hound (D:6)
  7 orc priests
  An iguana (D:6)
  Ijyb (D:4)
  A sleepcap (D:5)
  12 orc wizards
  11 gnolls
  6 adders
  3 white imps
  A dart slug (D:4)
  2 ribbon worms
  28 orcs
  4 ball pythons
  8 endoplasms
  3 giant cockroaches
  4 goblins
  6 hobgoblins
  11 jackals
  2 quokkas
  6 bats
  2 frilled lizards
  26 kobolds
  2 rats
250 creatures vanquished.

Notes
Turn   | Place    | Note
-------+----------+-------------------------------------------
     0 | D:1      | wingedge the Demigod Earth Elementalist began the quest for
                  | the Orb.
     0 | D:1      | Reached XP level 1. HP: 14/14 MP: 5/5
   349 | D:1      | Found Byenoschinn's Armour Shoppe.
   409 | D:1      | Reached XP level 2. HP: 20/20 MP: 5/7
   977 | D:2      | Reached XP level 3. HP: 26/26 MP: 5/8
  1014 | D:2      | Learned a level 3 spell: Stone Arrow
  1977 | D:3      | Reached XP level 4. HP: 33/33 MP: 0/11
  2162 | D:3      | Noticed Sigmund
  2164 | D:3      | Killed Sigmund
  2165 | D:3      | Reached skill level 2 in Conjurations
  2165 | D:3      | Reached XP level 5. HP: 38/38 MP: 5/14
  2713 | D:4      | Found a runed translucent gate.
  2715 | D:4      | Found a runed translucent gate.
  2715 | D:4      | Found a runed translucent gate.
  2716 | D:4      | Noticed Splishie's ghost (amateur DrSh)
  2719 | D:4      | Noticed an orc warrior
  2719 | D:4      | Identified the +0 ring mail of Unreason {Int+2}
  2818 | D:4      | Reached skill level 3 in Conjurations
  2818 | D:4      | Reached XP level 6. HP: 45/45 MP: 7/15
  3103 | D:4      | Noticed Ijyb
  3109 | D:4      | Killed Ijyb
  3275 | D:4      | Reached skill level 5 in Earth Magic
  3281 | D:4      | Reached skill level 4 in Conjurations
  3315 | D:4      | Reached XP level 7. HP: 30/50 MP: 1/16
  3877 | D:5      | Entered Level 5 of the Dungeon
  4155 | D:5      | Reached skill level 5 in Conjurations
  4567 | D:5      | Reached skill level 5 in Spellcasting
  4862 | D:5      | Found Lopryiqa's General Store.
  4930 | D:6      | Found Fintifuck's General Store.
  5055 | D:6      | Noticed a steam dragon
  5063 | D:6      | Killed a steam dragon
  5064 | D:6      | Reached XP level 8. HP: 26/57 MP: 7/20
  5477 | D:6      | Found a staircase to the Ecumenical Temple.
  5512 | D:6      | Reached skill level 1 in Fighting
  5861 | D:6      | Found the +7 staff of the Meek {protect, meekguard}
  6131 | D:6      | Reached skill level 1 in Armour
  6805 | D:7      | Noticed Pikel
  6817 | D:7      | Killed Pikel
  6818 | D:7      | Reached XP level 9. HP: 63/69 MP: 2/22
  6943 | D:7      | Noticed Duvessa
  7008 | D:7      | Noticed Dowan
  7010 | D:7      | Killed Duvessa
  7014 | D:7      | Killed Dowan
  7339 | D:7      | Reached skill level 6 in Conjurations
  9636 | D:9      | Reached skill level 5 in Armour
  9636 | D:9      | Reached XP level 10. HP: 63/78 MP: 2/25
 10406 | D:9      | Noticed a two-headed ogre
 10410 | D:9      | Killed a two-headed ogre
 10411 | D:9      | Reached skill level 7 in Conjurations
 10428 | D:9      | Reached skill level 5 in Fighting
 10787 | D:10     | Entered Level 10 of the Dungeon
 11047 | D:10     | Noticed a two-headed ogre
 11051 | D:10     | Killed a two-headed ogre
 12069 | D:11     | Reached skill level 8 in Conjurations
 12209 | D:11     | Noticed a cyclops
 12407 | D:11     | Reached XP level 11. HP: 89/89 MP: 15/27
 12533 | D:11     | Noticed a death yak
 12534 | D:11     | Noticed a death yak
 12608 | D:11     | Found a staircase to the Orcish Mines.
 12615 | D:11     | Reached skill level 9 in Conjurations
 12957 | D:11     | Noticed a death yak
 12957 | D:11     | Noticed a death yak
 12976 | D:10     | Killed a death yak
 13036 | D:11     | Reached skill level 10 in Conjurations
 13255 | D:11     | Slain by a shadow

Illustrated notes

Levels and vault maps discovered:
D:1:      mrwooster_arrival_statue_2, layout_basic, serial_shops,
          nicolae_shop_back_alley_shop
D:2:      layout_basic
D:3:      layout_loops_ring, nicolae_sif_muna_little_library,
          lightli_temple_of_fire, uniq_sigmund
D:4:      layout_basic, chequers_temple_overflow_statue_of_worship,
          biasface_ghost_orc_armoury, minmay_manual_mandibuliform, uniq_ijyb
D:5:      layout_basic, serial_shops, shop, st_stairs_10
D:6:      layout_gridville, minmay_temple_entry_tees, serial_shops, shop
D:7:      layout_rooms, nemelex_dance_club_becter, uniq_duvessa, uniq_pikel
D:8:      layout_rooms, lemuel_crystal_altar, lightli_minifort
D:9:      layout_basic, minmay_unpleasant_kobolds
D:10:     layout_long_grid
D:11:     layout_cross, dpeg_lair_monsters, orc_0_dummy, serial_ice,
          serial_ice_g, serial_ice_n, serial_ice_a, serial_ice_j, serial_ice_f,
          serial_ice_c, serial_ice_b

Skill      XL: |  1  2  3  4  5  6  7  8  9 10 11 |
---------------+----------------------------------+-----
Earth Magic    | 3 4 5 6 7 |  7.0
Spellcasting   | 3 4 6 7 8 |  8.0
Conjurations   | 2 3 4 5 6 8 10 | 10.3
Fighting       | 3 4 6 |  6.0
Dodging        | 2 |  2.0
Stealth        | 2 |  2.0
Armour         | 2 5 6 |  6.0

Action                     |  1- 3 |  4- 6 |  7- 9 | 10-12 || total
---------------------------+-------+-------+-------+-------++-------
  Melee: Unarmed           |    14 |       |       |       ||    14
         Dagger            |       |    24 |     5 |       ||    29
         Quarterstaff      |       |       |    16 |     8 ||    24
   Cast: Sandblast         |    61 |    33 |    12 |    11 ||   117
         Stone Arrow       |     3 |    18 |   174 |   146 ||   341
  Evoke: Wand              |       |       |       |     3 ||     3
    Use: Scroll            |       |     4 |     2 |     3 ||     9
   Stab: Paralysed         |       |       |       |     2 ||     2
 Armour: Robe              |    27 |     3 |       |       ||    30
         Ring mail         |       |    34 |    66 |   104 ||   204
  Dodge: Dodged            |    33 |    12 |    36 |    46 ||   127
